 Dungeon Crawl Stone Soup version 0.28-a0-1087-gf3fc490d9d (webtiles) character file.

Game seed: 6877895142660369616

29 fragbeetle the Skirmisher (level 3, -1/37 HPs)
             Began as an Ogre Warper on Dec 10, 2021.
             Slain by Terence (7 damage)
             ... on level 1 of the Dungeon.
             The game lasted 00:04:38 (2367 turns).

fragbeetle the Skirmisher (Ogre Warper)             Turns: 2367, Time: 00:04:39

Health: -1/37      AC:  3    Str: 15    XL:     3   Next: 16%
Magic:  6/6        EV: 10    Int: 16    God:
Gold:   23         SH:  0    Dex:  8    Spells: 5/7 levels left

rFire   . . .      SeeInvis .   a - +0 mace
rCold   . . .      Faith    .   (no shield)
rNeg    . . .      Spirit   .   b - +0 robe
rPois   .          Reflect  .   (helmet restricted)
rElec   .          Harm     .   (no cloak)
rCorr   .          Rampage  .   (gloves unavailable)
Will    .....                   (boots unavailable)
Stlth   +.........              (no amulet)
HPRegen 0.12/turn               (no ring)
MPRegen 0.10/turn               (no ring)

@: no status effects
A: large, unfitting armour, tough skin 1
a: no special abilities


You were on level 1 of the Dungeon.
You visited 1 branch of the dungeon, and saw 2 of its levels.

You collected 23 gold pieces.

Inventory:

Hand Weapons
 a - a +0 mace (weapon)
 g - a +1 antimagic rapier
Missiles
 d - 5 boomerangs of dispersal (quivered)
 h - 6 javelins
Armour
 b - a +0 robe (worn)
Jewellery
 f - an amulet of guardian spirit
Scrolls
 c - a scroll of blinking


   Skills:
 * Level 3.2 Fighting
 + Level 2.1 Maces & Flails
 + Level 1.0 Throwing
 + Level 2.4 Dodging
 + Level 2.5 Spellcasting
 * Level 3.1 Translocations


You had 5 spell levels left.
You knew the following spells:

 Your Spells              Type           Power      Damage    Failure   Level
a - Blink                 Tloc           22%        N/A       9%          2

Your spell library contained the following spells:

 Spells                   Type           Power      Damage    Failure   Level
 Gell's Gravitas          Tloc           11%        N/A       17%         3
 Lesser Beckoning         Tloc           11%        N/A       17%         3
 Teleport Other           Tloc           11%        N/A       17%         3
 Static Discharge         Conj/Air       2%         N/A       30%         2
 Manifold Assault         Tloc           11%        N/A       83%         5
 Dispel Undead            Necr           2%         3d7       89%         4
 Sticky Flame             Conj/Fire      2%         2d3       89%         4


Dungeon Overview and Level Annotations

Branches:
Dungeon (2/15)

Altars:
Cheibriados

Annotations:
D:1 Terence


Innate Abilities, Weirdness & Mutations

You are too large for most types of armour.
You have tough skin. (AC +1)


Message History

Terence shouts!
You hit Terence but do no damage.
Terence bares his teeth.
Terence closely misses you.
You closely miss Terence.
Terence shouts, "DIE!!!"
Terence hits you with a +1 falchion of holy wrath.
You closely miss Terence.
Terence hits you with a +1 falchion of holy wrath! x2
You hit Terence but do no damage. Terence hits you but does no damage.
You barely miss Terence. Terence closely misses you.
You hit Terence.
Terence is lightly wounded.
Terence hits you with a +1 falchion of holy wrath. x2
* * * LOW HITPOINT WARNING * * *
You barely miss Terence.
Terence is lightly wounded.
Terence completely misses you.
You hit Terence.
Terence is moderately wounded.
Terence misses you.
You hit Terence.
Terence is heavily wounded.
Terence closely misses you.
You hit Terence.
Terence is severely wounded.
Terence hits you with a +1 falchion of holy wrath.
* * * LOW HITPOINT WARNING * * *
Terence hits you with a +1 falchion of holy wrath.
* * * LOW HITPOINT WARNING * * *
You closely miss Terence.
Terence is severely wounded.
Terence misses you.
You hit Terence but do no damage.
Terence is severely wounded.
Terence drinks a potion.
Terence is healed!
You barely miss Terence.
Terence is moderately wounded.
Terence hits you with a +1 falchion of holy wrath!
You die...

#...#####....#........#
#.# ##.##
#.#...#........# #.#
#.# ##....#>.......#
#.# #(# #....#).......#
#.# #.#
###...#........## #.##
#.#
#.#...#.........###...
#.#
##..#.#...............
#.#
#.#.@#.............##
#.#
#.#.@##.[.####.#####
#.# ##....#....# #.#
#.# #.....###..# #.#
#.# ##....# #..# #.# ##
#.# ###..# #..# #.# #.
######.# ##.# #..# #.#
#. .......# ##.###..#
#.# ###. ####...#
#.......# #.# #...
####...########..####.#
#.# #...


You could see Terence.

Vanquished Creatures
  An orc (D:1)
  2 bats
  3 endoplasms
  A giant cockroach (D:2)
  2 goblins (D:1)
  4 hobgoblins
  A quokka (D:1)
  4 ball pythons (D:1)
  2 frilled lizards
  3 kobolds (D:1)
  2 rats (D:1)
25 creatures vanquished.

Notes
Turn   | Place    | Note
-------+----------+-------------------------------------------
     0 | D:1      | fragbeetle the Ogre Warper began the quest for the Orb.
     0 | D:1      | Reached XP level 1. HP: 22/22 MP: 3/3
   141 | D:1      | Found a faded altar of an unknown god.
   302 | D:1      | Reached XP level 2. HP: 24/29 MP: 3/5
   649 | D:1      | HP: 1/29 [goblin (2)]
   987 | D:1      | Learned a level 2 spell: Blink
  1323 | D:1      | Found a snail-covered altar of Cheibriados.
  1719 | D:2      | Reached XP level 3. HP: 31/37 MP: 6/6
  1725 | D:2      | Noticed Terence
  2367 | D:1      | Slain by Terence

Illustrated notes

Levels and vault maps discovered:
D:1:      dpeg_arrival_water_altar, layout_loops_ring,
          chequers_ecumenical_altar_simple_redux, minmay_misc_feat_rugged
D:2:      layout_basic, basic_altar, chequers_big_river, grunt_ministairs_7,
          kennysheep_nondescript, minmay_tromino_i4, uniq_terence

Skill      XL: |  1  2 |
---------------+-------+-----
Maces & Flails | 2 |  2.1
Translocations | 3 |  3.1
Fighting       | 3 |  3.2
Throwing       | |  1.0
Dodging        | |  2.4
Spellcasting   | |  2.5

Action                   || total
-------------------------++-------
Melee: Mace              ||   109
  Use: Scroll            ||     2
Armor: Robe              ||    19
Dodge: Dodged            ||    58

Table legend: (Time is in decaauts)
 A = Elapsed time spent in this place.
 B = Non-inter-level travel time spent in this place.
 C = Inter-level travel time spent in this place.
 D = Time resting spent in this place.
 E = Time spent auto-exploring this place.
 F = Levels seen in this place.
 G = Mean time per level.
                   A        B        C        D        E       F      G
               +--------+--------+--------+--------+--------+-----+--------+
         Total |   2406 |   2339 |     67 |    954 |    778 |   2 | 1203.0 |
       Dungeon |   2406 |   2339 |     67 |    954 |    778 |   2 | 1203.0 |
               +--------+--------+--------+--------+--------+-----+--------+

Top non-repeatable levels by time:
     D:1: 1961 daAuts
     D:2: 445 daAuts
